 Dungeon Crawl Stone Soup version 0.18-a0-1572-g0a86841 (webtiles) character file.

28594 namelastname112 the Black Belt (level 13, -11/107 HPs)
             Began as a Purple Draconian Monk on Mar 15, 2016.
             Was a High Priest of Ru.
             Mangled by a cyan ugly thing (17 damage)
             ... on level 14 of the Dungeon.
             The game lasted 00:30:59 (20128 turns).

namelastname112 the Black Belt (DrMo)              Turns: 20128, Time: 00:30:59

Health: -11/107    AC: 11    Str: 19 (20) XL:     13   Next: 10%
Magic:  13/13      EV: 19    Int:  9 (10) God:    Ru [*****.]
Gold:   607        SH:  6    Dex: 21 (22) Spells: 0 memorised, 12 levels left

rFire  . . .     SeeInvis .       - Unarmed
rCold  . . .     Gourm    .     (armour unavailable)
rNeg   . . .     Faith    .     K - +0 buckler
rPois  +         Spirit   .     (helmet restricted)
rElec  .         Dismiss  .     E - +0 cloak
rCorr  .         Reflect  .     y - +0 pair of gloves
SustAt .         Harm     .     u - +0 pair of boots
MR     ++...     Clarity  +     (no amulet)
Stlth  ++........               G - +4 ring of dexterity
                                d - ring of protection from magic

@: mighty, flying, very resistant to hostile enchantments, unstealthy
A: breathe power, unfitting armour, big wings, clarity, clumsy 1, deterioration
1, frail 1, poison resistance, strong 1, no device heal 1, cold-blooded,
inability to use devices, hated by all, reduced EV 1, MP-powered wands,
inexperienced 1, AC +8
a: Breathe Dispelling Energy, Stop Flying, Draw Out Power, Power Leap,
Apocalypse, Renounce Religion


You were on level 14 of the Dungeon.
You worshipped Ru.
Ru was extremely pleased with you.
You were very hungry.

You visited 1 branch of the dungeon, and saw 14 of its levels.
You also visited: Labyrinth.

You collected 747 gold pieces.
You spent 140 gold pieces at shops.

Inventory:

Armour
 u - a +0 pair of boots (worn)
 y - a +0 pair of gloves (worn)
 E - a +0 cloak (worn)
 K - a +0 buckler (worn)
Jewellery
 d - a ring of protection from magic (left hand)
 G - a +4 ring of dexterity (right hand)
Scrolls
 c - 2 scrolls of immolation
 g - 2 scrolls of fear
 h - a scroll of enchant weapon
 i - 14 scrolls of identify
 j - 7 scrolls of teleportation
 m - a scroll of blinking
 p - 7 scrolls of remove curse
 x - 3 scrolls of amnesia
Potions
 e - a potion of cure mutation
 k - a potion of resistance
 l - 2 potions of agility
 o - a potion of magic
 s - a potion of flight
 t - 2 potions of cancellation
 w - 3 potions of curing
Books
 f - a book of Fire

   Spells                             Type                      Level
   a - Ignite Poison                  Fire/Transmutation/Poison    3
   b - Fireball                       Conjuration/Fire             5
   c - Bolt of Fire                   Conjuration/Fire             6
   d - Delayed Fireball               Conjuration/Fire             7
   e - Ring of Flames                 Charms/Fire                  7
 r - a book of Annihilations

   Spells                             Type                      Level
   a - Poison Arrow                   Conjuration/Poison           6
   b - Chain Lightning                Conjuration/Air              8
   c - Lehudib's Crystal Spear        Conjuration/Earth            8
   d - Glaciate                       Conjuration/Ice              9
   e - Fire Storm                     Conjuration/Fire             9
 v - a book of Clouds

   Spells                             Type                      Level
   a - Mephitic Cloud                 Conjuration/Poison/Air       3
   b - Conjure Flame                  Conjuration/Fire             3
   c - Poisonous Cloud                Conjuration/Poison/Air       6
   d - Freezing Cloud                 Conjuration/Ice/Air          6
   e - Ring of Flames                 Charms/Fire                  7
 z - a book of the Warp

   Spells                             Type                      Level
   a - Recall                         Summoning/Translocation      3
   b - Gell's Gravitas                Hexes/Translocation          3
   c - Force Lance                    Conjuration/Translocation    4
   d - Warp Weapon                    Charms/Translocation         5
   e - Summon Forest                  Summoning/Translocation      5
 H - a book of the Tempests

   Spells                             Type                      Level
   a - Static Discharge               Conjuration/Air              3
   b - Lightning Bolt                 Conjuration/Air              5
   c - Fireball                       Conjuration/Fire             5
   d - Tornado                        Air                          9
   e - Shatter                        Earth                        9
 I - a Young Poisoner's Handbook

   Spells                             Type                      Level
   a - Sting                          Conjuration/Poison           1
   b - Cure Poison                    Poison                       2
   c - Mephitic Cloud                 Conjuration/Poison/Air       3
   d - Olgreb's Toxic Radiance        Poison                       4
   e - Venom Bolt                     Conjuration/Poison           5
 J - a Grand Grimoire

   Spells                             Type                      Level
   a - Monstrous Menagerie            Summoning                    7
   b - Summon Greater Demon           Summoning                    7
   c - Malign Gateway                 Summoning/Translocation      7
   d - Summon Horrible Things         Summoning                    8
Comestibles
 a - 8 bread rations
 b - 5 fruits
 n - 5 meat rations
 B - 4 beef jerkies
 F - 3 slices of pizza


   Skills:
 + Level 12.3 Fighting
 + Level 10.7 Dodging
 - Level 1.7 Stealth
 + Level 4.0 Shields
 + Level 15.4 Unarmed Combat


You had 12 spell levels left.
You didn't know any spells.

Dungeon Overview and Level Annotations

Branches:
Dungeon (14/15)            Temple (0/1) D:7            Lair (0/8) D:10
    Orc (0/2) D:12         Vaults (0/5) D:13

Altars:
Dithmenos
Elyvilon
Makhleb
Nemelex Xobeh
Pakellas
Ru
Sif Muna
Xom
Zin
The Shining One
Beogh

Shops:
D:4 =!??   D:6 *

Annotations:
D:13 1 runed door


Innate Abilities, Weirdness & Mutations

You can breathe bolts of dispelling energy.
Your rich purple scales are hard (AC +8).
Your body does not fit into most forms of armour.
You are cold-blooded and may be slowed by cold attacks.
You cannot study or use magical devices.
You are hated by all.
You have somewhat slow reflexes. (EV -3)
You are somewhat inexperienced (-2 XL).
Your large and strong wings let you fly indefinitely.
You possess an exceptional clarity of mind.
You are clumsy. (Dex -2)
Your body sometimes deteriorates upon taking damage.
You are frail (-10% HP).
Your system is resistant to poisons.
Your muscles are strong. (Str +2)
Potions and wands are less effective at restoring your health.
You expend magic power (3 MP) to strengthen your wands.


Message History

You kill the yak!
Throwing (i - inventory):
A - a throwing net (quivered)
Press: ? - help, Shift-Dir - straight line, f - cyan ugly thing
Aim: a cyan ugly thing You throw a throwing net.
The throwing net completely misses the cyan ugly thing.
You block the cyan ugly thing's attack.
You punch the cyan ugly thing! You tail-slap the cyan ugly thing.
The cyan ugly thing is lightly wounded.
The cyan ugly thing gores you.
* * * LOW HITPOINT WARNING * * *
The cyan ugly thing shocks you!
* * * LOW HITPOINT WARNING * * *
Your body deteriorates!
You feel clumsy.
You barely miss the cyan ugly thing. You tail-slap the cyan ugly thing!
The cyan ugly thing is moderately wounded.
The cyan ugly thing gores you.
* * * LOW HITPOINT WARNING * * *
The cyan ugly thing shocks you!
You die...

.[u.u..Y...Y.....?.
###########u.....#.
..#.........####
#.##.##.#.......
##.##.##.#..#####
#........#....
##.##†####.####
##(##.#.# +(.u@.#!#
#####.#.# #.##.#
.....# ##.##.#
#Z##.# .....#
#.##.#


You could see a cyan ugly thing.

Vanquished Creatures
  A minotaur (Lab)
  6 vault guards (D:13)
  4 centaur warriors
  The ghost of Uhlv the Blocker, a novice GrFi of the Shining One (D:7)
  2 unseen horrors
  2 hill giants
  3 orc knights (D:12)
  A cyclops (D:13)
  5 ugly things
  Joseph (D:7)
  The ghost of M4edhros the Spear-Bearer, a novice OpCK of Xom (D:5)
  5 trolls
  2 two-headed ogres
  4 slime creatures
  A shadow (D:8)
  A tarantella (shapeshifter) (D:13)
  Sigmund (D:3)
  14 yaks
  A wraith (D:12)
  A wyvern (D:12)
  2 hungry ghosts
  A human (D:7)
  A hippogriff (D:13)
  4 wargs
  Menkaure (D:7)
  The ghost of Uhlv the Shield-Bearer, an amateur GrFi (D:4)
  3 ice beasts (D:8)
  A black bear (D:8)
  10 orc warriors
  A phantom (D:5)
  3 sky beasts
  A wasp (D:10)
  10 ogres
  An eye of draining (D:9)
  13 centaurs
  A crocodile (D:9)
  2 big kobolds
  6 giant frogs
  2 gnoll sergeants
  3 scorpions
  29 killer bees
  14 wights
  2 electric eels (D:13)
  2 centaur zombies
  A crimson imp (D:8)
  3 lava snakes (D:8)
  A quasit (D:13)
  4 hounds
  14 orc priests
  5 jellies
  3 centaur skeletons
  4 giant frog skeletons
  7 iguanas
  10 orc wizards
  8 worker ants
  4 sheep (D:7)
  2 hound skeletons (D:9)
  A worker ant zombie (D:8)
  15 gnolls
  3 adders (D:2)
  2 shadow imps
  2 worms
  7 giant geckos
  55 orcs
  4 giant cockroaches
  8 hobgoblins
  6 jackals
  14 kobolds
  7 quokkas
  4 ball pythons
  6 bats
  2 giant gecko skeletons
  5 giant newts
  9 goblins
  A quokka zombie (D:6)
  7 rats
395 creatures vanquished.

Vanquished Creatures (others)
  The ghost of Fartwhistle the Carver, a novice DsGl of Qazlal (D:9)
  An unseen horror (D:13)
  A wolf spider (D:2)
  A troll (D:11)
  A yak (D:14)
  A killer bee (D:10)
  A plant (D:3)
7 creatures vanquished.

Grand Total: 402 creatures vanquished

Notes
Turn   | Place    | Note
--------------------------------------------------------------
     0 | D:1      | namelastname112 the Draconian Monk began the quest for the Orb.
     0 | D:1      | Reached XP level 1. HP: 19/19 MP: 1/1
   197 | D:1      | Reached XP level 2. HP: 26/26 MP: 2/2
   698 | D:2      | Found an oddly glowing altar of Pakellas.
   698 | D:2      | Noticed a wolf spider
   711 | D:2      | Killed a wolf spider
   899 | D:2      | Reached skill level 5 in Unarmed Combat
   899 | D:2      | Reached XP level 3. HP: 31/31 MP: 3/3
  1360 | D:2      | Found a deep blue altar of Sif Muna.
  1891 | D:3      | Reached XP level 4. HP: 28/38 MP: 4/4
  2023 | D:3      | Noticed Sigmund
  2103 | D:3      | Killed Sigmund
  2103 | D:3      | Reached skill level 7 in Unarmed Combat
  2103 | D:3      | Reached XP level 5. HP: 31/45 MP: 5/5
  2225 | D:3      | Found a shimmering altar of Xom.
  2522 | D:3      | Found a sacrificial altar of Ru.
  2541 | D:3      | Reached XP level 6. HP: 40/51 MP: 6/6
  2579 | D:3      | Became a worshipper of Ru the Awakened
  3164 | D:3      | Reached skill level 8 in Unarmed Combat
  3390 | D:4      | Found Nurink's Magic Scroll Boutique.
  3401 | D:4      | Found Katieb's Distillery.
  3413 | D:4      | Bought 2 potions of heal wounds for 140 gold pieces
  3439 | D:4      | Noticed Uhlv's ghost (amateur GrFi)
  3457 | D:5      | Entered Level 5 of the Dungeon
  3458 | D:5      | Found a sparkling altar of Nemelex Xobeh.
  3506 | D:5      | Found a glowing golden altar of the Shining One.
  3673 | D:5      | Noticed M4edhros's ghost (novice OpCK)
  3785 | D:5      | Your scales start taking on a rich purple colour.
  3785 | D:5      | Reached XP level 7. HP: 36/57 MP: 7/7
  3955 | D:5      | Reached skill level 9 in Unarmed Combat
  4151 | D:5      | Killed M4edhros's ghost
  4406 | D:4      | Killed Uhlv's ghost
  4406 | D:4      | Reached skill level 10 in Unarmed Combat
  4406 | D:4      | Reached XP level 8. HP: 33/63 MP: 8/8
  4632 | D:4      | Found Big Lant's Jewellery Emporium.
  4649 | D:4      | Gained mutation: You are somewhat inexperienced (-2 XL). [Ru sacrifice]
  4649 | D:4      | Reached XP level 7. HP: 54/57 MP: 7/7
  4649 | D:4      | Reached XP level 6. HP: 51/51 MP: 6/6
  4649 | D:4      | Reached * piety under Ru
  4783 | D:4      | Found Tese's Magic Scroll Shoppe.
  5045 | D:6      | Found a shadowy altar of Dithmenos.
  5159 | D:6      | Found Luffejom's General Store.
  5282 | D:6      | Reached XP level 7. HP: 14/57 MP: 7/7
  5547 | D:6      | Reached skill level 11 in Unarmed Combat
  5633 | D:6      | Gained mutation: Your muscles are strong. (Str +2) [potion of mutation]
  5633 | D:6      | Gained mutation: You are frail (-10% HP). [potion of mutation]
  5633 | D:6      | Gained mutation: You are clumsy. (Dex -2) [potion of mutation]
  5647 | D:6      | Found a glowing silver altar of Zin.
  6002 | D:6      | Found a burning altar of Makhleb.
  6071 | D:7      | Noticed Joseph
  6096 | D:7      | Killed Joseph
  6096 | D:7      | Reached XP level 8. HP: 32/59 MP: 8/8
  6262 | D:7      | Noticed Uhlv's ghost (novice GrFi)
  6678 | D:7      | Reached skill level 12 in Unarmed Combat
  7272 | D:7      | Noticed Menkaure
  7279 | D:7      | Killed Menkaure
  7279 | D:7      | Reached skill level 5 in Fighting
  7348 | D:7      | Gained mutation: You cannot study or use magical devices. [Ru sacrifice]
  7348 | D:7      | Reached ** piety under Ru
  7348 | D:7      | Reached *** piety under Ru
  7348 | D:7      | Reached **** piety under Ru
  7382 | D:7      | Killed Uhlv's ghost
  7382 | D:7      | Reached XP level 9. HP: 25/67 MP: 1/9
  7697 | D:7      | Reached skill level 5 in Dodging
  7701 | D:7      | Gained mutation: Potions and wands are less effective at restoring your health. [mutagenic meat]
  7702 | D:7      | Gained mutation: Your system is resistant to poisons. [mutagenic meat]
  7703 | D:7      | Gained mutation: Your muscles are very strong. (Str +4) [mutagenic meat]
  7704 | D:7      | Gained mutation: Your body sometimes deteriorates upon taking damage. [mutagenic meat]
  7706 | D:7      | Lost mutation: Your muscles are very strong. (Str +4) [mutagenic meat]
  7718 | D:7      | Found a staircase to the Ecumenical Temple.
  8622 | D:8      | Reached XP level 10. HP: 35/77 MP: 10/10
  8769 | D:8      | Got a translucent golden ring
  8771 | D:8      | Identified the ring of Huceig {rC- rN+ MR- Dex+7} (You found it on level 8 of the Dungeon)
  9310 | D:8      | Reached skill level 13 in Unarmed Combat
  9945 | D:9      | Noticed Fartwhistle's ghost (novice DsGl)
 10424 | D:9      | Killed Fartwhistle's ghost
 10618 | D:9      | Gained mutation: You have somewhat slow reflexes. (EV -3) [Ru sacrifice]
 10618 | D:9      | Reached ***** piety under Ru
 10657 | D:10     | Entered Level 10 of the Dungeon
 11170 | D:10     | Noticed an unseen horror
 11181 | D:10     | Killed an unseen horror
 11525 | D:10     | Reached XP level 11. HP: 31/87 MP: 11/11
 13281 | D:10     | Found a staircase to the Lair.
 13422 | D:11     | Noticed a green ugly thing
 13441 | D:11     | Killed a green ugly thing
 13446 | D:11     | Gained mutation: Your large and strong wings let you fly indefinitely. [mutagenic meat]
 13993 | D:11     | Reached skill level 14 in Unarmed Combat
 14318 | D:11     | Reached skill level 10 in Fighting
 14391 | D:11     | Noticed an unseen horror
 14391 | D:11     | Killed an unseen horror
 15497 | D:12     | Found a labyrinth entrance.
 15512 | Lab      | Entered a labyrinth
 15894 | Lab      | Noticed a minotaur
 15907 | Lab      | Killed a minotaur
 16867 | D:12     | Found a roughly hewn altar of Beogh.
 16867 | D:12     | Found a staircase to the Orcish Mines.
 16872 | D:12     | Noticed an orc knight
 16872 | D:12     | Noticed an orc knight
 16875 | D:12     | Noticed an orc knight
 16898 | D:12     | Killed an orc knight
 16902 | D:12     | Killed an orc knight
 16902 | D:12     | Reached XP level 12. HP: 59/97 MP: 1/12
 17333 | D:12     | Gained mutation: You possess an exceptional clarity of mind. [mutagenic meat]
 17334 | D:12     | Gained mutation: You expend magic power (3 MP) to strengthen your wands. [mutagenic meat]
 17853 | D:13     | Noticed a centaur warrior
 17867 | D:13     | Killed a centaur warrior
 18247 | D:13     | Reached skill level 10 in Dodging
 18358 | D:13     | Reached skill level 15 in Unarmed Combat
 18762 | D:13     | Reached skill level 1 in Shields
 18980 | D:13     | Gained mutation: You are hated by all. [Ru sacrifice]
 19023 | D:13     | Found a runed door.
 19047 | D:13     | Found a gate to the Vaults.
 19047 | D:13     | Noticed a vault guard
 19047 | D:13     | Noticed a vault guard
 19047 | D:13     | Noticed a vault guard
 19048 | D:13     | Noticed a vault guard
 19048 | D:13     | Noticed a vault guard
 19048 | D:13     | Noticed a vault guard
 19049 | D:13     | Noticed a vault guard
 19051 | D:13     | Noticed a vault guard
 19060 | D:13     | Killed a vault guard
 19102 | D:13     | Found a white marble altar of Elyvilon.
 19102 | D:13     | Noticed a daeva
 19113 | D:13     | Killed a vault guard
 19113 | D:13     | Killed a vault guard
 19113 | D:13     | Killed a vault guard
 19288 | D:12     | Noticed a centaur warrior
 19297 | D:12     | Killed a centaur warrior
 19672 | D:13     | Killed a vault guard
 19869 | D:13     | Noticed a centaur warrior
 19870 | D:13     | Killed a vault guard
 19878 | D:13     | Noticed an eight-headed hydra
 19880 | D:13     | Killed a centaur warrior
 19880 | D:13     | Reached XP level 13. HP: 59/106 MP: 13/13
 20128 | D:14     | Mangled by a cyan ugly thing

Vault maps used:
D:1:      dpeg_arrival_orchard, minmay_hedge_maze
D:2:      gammafunk_pakellas_cloud_experiment, lemuel_blue_sif_altar
D:3:      lemuel_crystal_altar, tgw_xom, first_bread, serial_bayou_lake_a,
          uniq_sigmund
D:4:      serial_shops, nicolae_shop_behind_doors, shop,
          nicolae_shop_behind_doors, nicolae_shop_waterfront
D:5:      kennysheep_little_box, minmay_misc_feat_chi,
          nemelex_xobeh_ov_fountains_minmay
D:6:      zin_academy, marbit_many_paths,
          nicolae_dithmenos_through_a_glass_darkly, serial_shops, shop,
          st_stairs_4
D:7:      temple_hall, grunt_livestock, water_maze_lemuel, uniq_joseph,
          uniq_menkaure
D:8:      kennysheep_big_flooded_room, minivault_25
D:9:      hangedman_decor_diamond_cutter
D:10:     erik_lair_orcish_takeover
D:11:     dk_noncrumbling_4, evilmike_surprise_oklob
D:12:     david_orc_5, lab_entry_generic
D:13:     erik_vaults_2, serial_bayou_ford_a, lemuel_angel_altar
D:14:     nooodl_glass_maze, special_room
Lab:      labyrinth_mini_lab, nicolae_lab_flowing_pool

Skill      XL: |  1  2  3  4  5  6  7  8  9 10 11 12 13 |
---------------+----------------------------------------+-----
Unarmed Combat | 5 7 8 11 12 13 14 15 | 15.4
Fighting       | 4 5 7 9 10 12 | 12.3
Dodging        | 3 4 6 7 9 10 | 10.7
Shields        | 3 4 |  4.0
Stealth        | |  1.7

Action                   |  1- 3 |  4- 6 |  7- 9 | 10-12 | 13-15 || total
-------------------------+-------+-------+-------+-------+-------++-------
Melee: Unarmed           |   121 |   192 |   354 |   935 |    28 ||  1630
Throw: Throwing net      |       |       |       |     1 |     1 ||     2
Invok: Reject Sacrifices |       |     1 |       |     1 |       ||     2
       Sacrifice Experie |       |     1 |       |       |       ||     1
       Power Leap        |       |       |     2 |     4 |     1 ||     7
       Sacrifice Artific |       |       |     1 |       |       ||     1
       Sacrifice Health  |       |       |       |     1 |       ||     1
       Draw Out Power    |       |       |       |     2 |     1 ||     3
       Apocalypse        |       |       |       |     2 |       ||     2
       Sacrifice Love    |       |       |       |     1 |       ||     1
 Abil: Breathe Dispellin |       |       |     5 |     8 |       ||    13
       Fly               |       |       |       |     1 |       ||     1
  Use: Potion            |       |     4 |     4 |     3 |     4 ||    15
       Scroll            |       |       |    14 |     8 |       ||    22
 Stab: Sleeping          |     4 |     5 |     2 |     5 |       ||    16
       Distracted        |       |     2 |     1 |     5 |       ||     8
       Invisible         |       |       |     5 |    17 |       ||    22
       Paralysed         |       |       |       |    12 |       ||    12
  Eat: Chunk             |     1 |     6 |    17 |    28 |       ||    52
       Royal jelly       |     1 |       |       |       |       ||     1
       Meat ration       |       |       |     1 |     2 |       ||     3
       Fruit             |       |       |     2 |     1 |       ||     3
       Pizza             |       |       |     1 |     4 |       ||     5
